[Event "Djerba Festival Open-A 2024"]
[Site "Djerba"]
[Date "2024.02.20"]
[Round "3.2"]
[White "Djabri, Massinas"]
[Black "Defromont, Benjamin"]
[Result "1/2-1/2"]
[ECO "A57"]
[WhiteElo "2238"]
[BlackElo "2423"]
[Annotator "TA"]
[PlyCount "102"]
[EventDate "2024.02.18"]
[EventType "swiss"]
[EventCountry "TUN"]
[SourceTitle "playchess.com"]
[Source "ChessBase"]
[SourceQuality "1"]
[TimeControl "5400+30"]

1. d4 Nf6 2. c4 c5 3. d5 b5 4. cxb5 a6 5. b6 e6 6. Nc3 Nxd5 7. Nxd5 exd5 8. Qxd5 Nc6 9. Nf3 Rb8 10. e4 Be7 11. Bc4 O-O 12. O-O Rxb6 13. Qh5 d6 14. b3 Bf6 {[%emt 0:12:04][%cal Og7g6] [#] White must now prevent ...g6!} 15. Ng5 $1 Bxg5 16. Bxg5 {[%emt 0:00:07] White is slightly better.} Qe8 17. Rae1 Be6 $1 18. Bd5 Nd4 19. Be3 Nc2 20. Re2 Nxe3 21. Rxe3 Bxd5 22. exd5 Qd8 23. Rfe1 Rb7 (23... a5 $11) 24. Qf5 (24. Qe2 $14) 24... g6 25. Qf4 Rb4 26. Qg3 Rd4 27. Qf3 Qa8 28. Rd1 Re8 29. h3 Rxe3 30. fxe3 Rxd1+ 31. Qxd1 $11 {[%emt 0:00:03][%mdl 4096] Endgame. KQ-KQ} Qe8 32. Qd3 Qe5 33. a4 a5 34. Kf2 Kg7 35. Qd2 {[%emt 0:01:46] Against Qb2} h5 36. Qd3 (36. Kg1 $11 {keeps the balance.}) 36... Qb2+ (36... Qf6+ $17 37. Kg1 Qa1+ 38. Kh2 Kf6) 37. Kf3 (37. Kg3 $15) 37... Kf6 (37... h4 $17) 38. Qc4 (38. Qb5 $11) 38... g5 ({Black should try} 38... Qd2 $17 39. Qf4+ Ke7 40. Qh4+ Ke8) 39. h4 {[%emt 0:04:10] The position is equal.} Qe5 40. hxg5+ Kxg5 41. g4 {[%emt 0:01:15] Repels Qf5+} Kg6 {[%emt 0:02:46] [#] aiming for ...h4.} 42. gxh5+ Qxh5+ 43. Qg4+ Qxg4+ 44. Kxg4 {[%emt 0:00:08] KP-KP} f5+ (44... Kf6 $5 45. Kf4 $8 Kg6 $11) 45. Kf3 $1 Kf7 46. Kg3 $1 Kg7 47. Kf3 $1 Kg6 48. Kg3 $1 Kf6 {[%emt 0:00:22] ( -> ...Ke5)} 49. Kf4 Kg6 50. Kf3 Kf7 51. Kg3 $1 Kg7 {[%emt 0:00:13] Weighted Error Value: White=0.13 (very precise) /Black=0.13 (very precise) .  Mistake:       	White=4     	Black=4      Inaccurate:     	White=1     	Black=1      OK:         	White=15    	Black=15     Best:        	White=1     	Black=2      Strong:       	White=6     	Black=1} 1/2-1/2

[Event "Djerba Festival Open-A 2024"]
[Site "Djerba"]
[Date "2024.02.20"]
[Round "3.3"]
[White "Eden, James"]
[Black "Rudzinska, Michalina"]
[Result "1/2-1/2"]
[ECO "A30"]
[WhiteElo "2319"]
[BlackElo "2241"]
[Annotator "TA"]
[PlyCount "130"]
[EventDate "2024.02.18"]
[EventType "swiss"]
[EventCountry "TUN"]
[SourceTitle "playchess.com"]
[Source "ChessBase"]
[SourceQuality "1"]
[TimeControl "5400+30"]

1. Nf3 Nf6 2. c4 e6 3. b3 b6 4. g3 Bb7 5. Bg2 c5 6. Bb2 Be7 7. O-O O-O 8. Qc2 d5 9. Ng5 (9. cxd5 $11 Qxd5 10. Nc3) 9... g6 (9... h6 $15 10. Nf3 Nc6) 10. Nc3 (10. Nf3 $11 {remains equal.}) 10... Nc6 $1 $17 {[%emt 0:02:58] Black is better.} 11. h4 d4 12. Nce4 Nxe4 13. Nxe4 (13. Qxe4 $17 Bxg5 14. hxg5) 13... f5 $19 14. Ng5 Bxg5 15. hxg5 Qxg5 16. e3 Nb4 17. Qb1 Bxg2 18. Kxg2 e5 19. f4 exf4 20. exf4 Qg4 21. a3 Nc6 22. Qd3 Rae8 23. Rae1 g5 24. fxg5 $2 (24. Bc1) 24... Ne5 25. Qe2 Qxg5 26. d3 Ng4 (26... f4 $2 27. Rxf4 Rxf4 28. Bc1 $19) 27. Qxe8 Rxe8 28. Rxe8+ Kf7 (28... Kg7 29. Bc1 Qh5 30. Re7+ Kf6 31. Rh1 $19) 29. Bc1 {[%emt 0:00:14] Prevents Qd2+.} Qh5 30. Rh1 {[%emt 0:09:04] Dodges Qh2+} Qg6 31. Rc8 {[%emt 0:04:51] Prevents Qc6+.} (31. Rhe1 $142 Qc6+ (31... Ne3+ $2 32. Bxe3 Kxe8 33. Bxd4+ Kd7 34. Be5 $19) 32. Kg1) 31... Qe6 $1 32. Rc7+ Kg8 33. Kf1 {[%emt 0:00:51] Against Qe2+} h6 34. Bf4 Qe8 {[%emt 0:01:59] Inhibits Rh5.} 35. Rg1 Ne5 $2 (35... Qh5 $19 {aiming for ...Qh2.} 36. Re7 Qh3+ 37. Ke1 Qh2) 36. Rg2 $11 Qh5 37. Bxe5 Qd1+ 38. Kf2 Qd2+ 39. Kf1 Qc1+ 40. Kf2 Qe3+ 41. Kf1 Qxe5 {[%emt 0:00:38][%mdl 4096] Endgame. KQ-KRR} 42. Rc8+ (42. Rxa7 $11 {and White has nothing to worry.} Kf8 (42... Qe3 43. Re2 $11) 43. Rf2) 42... Kf7 $1 $19 {[%emt 0:00:14] ...Qe3 would now be deadly.} 43. Rf2 (43. b4 Qe3 44. bxc5 Qxd3+ 45. Kg1 Qd1+ (45... Qxc4 46. Rc7+ Kf6 47. cxb6 $11) (45... Qxa3 46. Rc7+ Kg6 47. Rc6+ Kg5 48. cxb6 $15) 46. Kh2 d3 $19) 43... Qxg3 44. Rxf5+ Ke6 45. Rd5 Qxd3+ (45... Ke7 $142 {...Qh3+ is the strong threat.} 46. Rh8 Qxd3+ 47. Kf2 Qh3 (47... Qxb3 $2 48. Rh7+ Ke8 49. Re5+ Kd8 50. Ree7 $19)) 46. Kg2 Qc2+ $1 (46... Qxb3 47. Rc6+ Ke7 48. Rc7+ Kf6 49. Rc6+ Kf7 50. Rc7+ Kf6 51. Rc6+ Kf7 52. Rc7+ Ke6 53. Rc6+ Kf7 $11 (53... Ke7 54. Rc7+ Ke6 55. Rc6+ $11)) 47. Kf1 (47. Kg1 $142) 47... Qc1+ (47... Qxb3 48. Rc6+ Kf7 (48... Ke7 49. Rc7+ Kf6 50. Rc6+ Kf7 51. Rc7+ Ke6 52. Rc6+ Ke7 53. Rc7+ Ke6 54. Rc6+ $11) 49. Rc7+ Kf6 50. Rc6+ Kf7 51. Rc7+ Ke8 52. Rc8+ Kf7 53. Rc7+ $11) 48. Kg2 {[%emt 0:00:14] [#]} Qf4 $1 ({Weaker is} 48... Qxa3 49. Rc6+ Kf7 (49... Ke7 50. Rc7+ Ke6 51. Rc6+ Kf7 52. Rc7+ Kf6 53. Rc6+ Ke7 54. Rc7+ Kf6 55. Rc6+ Ke7 $11) 50. Rc7+ Ke8 51. Rc8+ Kf7 52. Rc7+ Kg6 53. Rc6+ Kf7 54. Rc7+ $11) 49. Re8+ Kf7 50. Rdd8 (50. Ra8 $17) 50... Kg6 $2 (50... Qg5+ $19 51. Kf3 Qh5+ 52. Kg3 d3) 51. Re6+ $11 Kh5 {[%emt 0:00:29] ( -> ...Qg4+)} 52. Rde8 $1 Qg4+ 53. Kf2 {[%emt 0:00:27] Hoping for Re5+.} Qh4+ 54. Kg2 $1 d3 55. Rxh6+ Kxh6 {[%emt 0:00:17] KQ-KR} 56. Rh8+ Kg5 57. Rxh4 Kxh4 {[%emt 0:00:03] KP-KP} 58. Kf3 Kg5 59. Ke3 Kg4 60. Kxd3 {[%emt 0:00:45] Strongly threatening Ke4. K3P-K3P} Kf3 61. b4 $2 {[%emt 0:00:35][%mdl 8192] [#]} (61. Kc3 $11) 61... Kf4 $2 (61... a5 $1 {mates} 62. Kc2 a4 63. Kd3 Kf4 64. bxc5 bxc5 65. Kd2 Ke4 66. Kc3 Ke3 67. Kc2 Kd4 68. Kd2 Kxc4 69. Kc2 Kd4 70. Kd2 c4 71. Kc2 c3 72. Kc1 Kc5 (72... Kd3 {leads to mate.} 73. Kd1 Kd4 74. Kc1 Kc5 75. Kd1 Kd5 76. Kc1 Kd4 77. Kc2 Kc4 78. Kc1 Kb3 79. Kd1 Kxa3 80. Kc2 Kb4 81. Kc1 Kb3 82. Kd1 a3 83. Ke2 c2 84. Kf3 c1=Q 85. Kg3 a2 86. Kg4 a1=Q 87. Kg3 Qe3+ 88. Kg4 Qg7+ 89. Kh5 Qeh6#) 73. Kd1 Kd5 74. Kc1 Kd4 75. Kc2 Kc4 76. Kc1 Kb3 77. Kb1 Kxa3 78. Kc2 Kb4 79. Kc1 Kb3 80. Kd1 c2+ (80... a3 {gets mated.} 81. Ke2 c2 82. Kf3 c1=Q 83. Kg4 a2 84. Kf5 a1=Q 85. Kg4 Qf6 86. Kg3 Qcg5+ 87. Kh3 Qh8#) 81. Kd2 a3 82. Ke3 c1=Q+ (82... c1=R 83. Ke4 Rf1 84. Kd5 a2 85. Ke5 Kc4 86. Kd6 a1=Q 87. Ke6 Qg7 88. Kd6 Rf6+ 89. Ke5 Qe7#) 83. Ke4 a2 84. Ke5 a1=Q+ (84... a1=B+ 85. Ke4 Qc4+ 86. Kf3 Be5 87. Kf2 Qd3 88. Kg2 Qe2+ 89. Kg1 Bg3 90. Kh1 Qh2#) 85. Kf5 Qg7 86. Ke4 Qgg5 87. Kf3 Qce3#) 62. b5 {[%emt 0:00:39] The position is equal.} Kf3 63. Kc3 Ke3 64. Kb3 Kd3 (64... Kd4 $5) 65. Ka4 $1 Kxc4 {[%emt 0:01:04] Weighted Error Value: White=0.38/Black=0.32.  Loses game:     	White=2     	---        Missed win:     	---       	Black=3      Mistake:       	White=7     	Black=2      Inaccurate:     	White=1     	Black=2      OK:         	White=19    	Black=21     Best:        	White=9     	Black=4      Strong:       	White=3     	Black=5} 1/2-1/2

[Event "Djerba Festival Open-A 2024"]
[Site "Djerba"]
[Date "2024.02.20"]
[Round "4.1"]
[White "Rudzinska, Michalina"]
[Black "Travadon, Loic"]
[Result "1-0"]
[ECO "B22"]
[WhiteElo "2241"]
[BlackElo "2460"]
[Annotator "TA"]
[PlyCount "81"]
[EventDate "2024.02.18"]
[EventType "swiss"]
[EventCountry "TUN"]
[SourceTitle "playchess.com"]
[Source "ChessBase"]
[SourceQuality "1"]
[TimeControl "5400+30"]

1. e4 c5 2. c3 g6 3. d4 cxd4 4. cxd4 d5 5. e5 Bg7 6. Nc3 a6 7. g3 Nc6 8. Bg2 {[%emt 0:01:12] White is slightly better.} e6 9. Nf3 Nge7 10. h4 h5 11. Bg5 Bd7 12. O-O b5 13. Qd2 {[%emt 0:02:50] White is more active.} Qa5 14. Rfc1 Rc8 15. Bh3 Nf5 (15... b4 $16) 16. Bxf5 $18 gxf5 17. Qe3 Ne7 18. Ne2 (18. Bxe7 Kxe7 19. Qg5+ Kf8 $14) 18... Rc4 19. b3 Rxc1+ 20. Rxc1 (20. Nxc1 f4 21. Bxf4 (21. Qxf4 Qc3 $16) 21... Nf5 $18) 20... Nc6 21. Rc2 Bf8 22. Bf6 Rh6 23. Qg5 Nb4 {[%emt 0:04:37] [#]} 24. Rc5 Nd3 {[%emt 0:02:43][%cal Oa5a2] Dodges Nf4} (24... Rg6 25. Qxh5) 25. Rc3 Qxa2 26. Qe3 Qa1+ 27. Kg2 Nb4 28. Rc7 Nc6 {[%emt 0:00:32] Prevents Ra7.} 29. Ng5 Rg6 30. Qd2 {[%emt 0:00:00] [#] Hoping for Qc2.} Qa5 31. Qxa5 Nxa5 32. Ra7 {[%emt 0:00:00] Ra8+ is the strong threat.} Bc8 33. Nf4 (33. Nxf7 Nc6 $18) (33. Rxf7 Bd7 $14 (33... Nxb3 $2 34. Rc7 $18)) 33... Rg8 $2 (33... Rxg5 34. hxg5 (34. Bxg5 Bb7 $18) 34... Nxb3) 34. Nxf7 Nxb3 35. Nd6+ Bxd6 36. exd6 {[%emt 0:00:00][%cal Of4d3] Threatening mate with Nd3!} Bd7 37. Nd3 Kf7 38. Rxd7+ (38. Ne5+ $142 Kxf6 39. Rxd7 (39. Nxd7+ Kg6 $18) 39... Rf8 40. Re7 f4 41. Nd7+ (41. gxf4 Rg8+ 42. Kh3 Kf5 $18) 41... Kf5 42. Nxf8 f3+ 43. Kxf3 Nxd4+ 44. Ke3) 38... Kxf6 39. Ne5 Rf8 {[%emt 0:00:10] Repels Rf7+} 40. Rh7 {[%emt 0:00:00] Nd7+ would kill now.} Nc5 41. f4 {[%emt 0:00:00] Black got outplayed after the opening.   Weighted Error Value: White=0.21 (precise) /Black=0.79.  Mistake:       	---       	Black=2      Inaccurate:     	White=1     	Black=6      OK:         	White=15    	Black=6      Best:        	White=2     	Black=1} 1-0

[Event "Djerba Festival Open-A 2024"]
[Site "Djerba"]
[Date "2024.02.20"]
[Round "4.2"]
[White "Defromont, Benjamin"]
[Black "Eden, James"]
[Result "1/2-1/2"]
[ECO "C67"]
[WhiteElo "2423"]
[BlackElo "2319"]
[Annotator "TA"]
[PlyCount "95"]
[EventDate "2024.02.18"]
[EventType "swiss"]
[EventCountry "TUN"]
[SourceTitle "playchess.com"]
[Source "ChessBase"]
[SourceQuality "1"]
[TimeControl "5400+30"]

1. e4 e5 2. Nf3 Nc6 3. Bb5 Nf6 4. O-O Nxe4 5. Re1 Nd6 6. Nxe5 Nxe5 7. Rxe5+ Be7 8. Bf1 O-O 9. Nc3 Bf6 10. Re1 Re8 11. Nd5 Bg5 12. d4 Bxc1 13. Qxc1 Rxe1 14. Qxe1 {[%emt 0:02:34] Bd3 would now be deadly.} Ne8 (14... b6 $1 $11) 15. Qe4 $16 {[%emt 0:03:00] Black is weak on the light squares} d6 16. Re1 Be6 17. Nf4 Bd7 18. Bd3 (18. Qxb7 $16 Rb8 19. Qf3 (19. Qxa7 Rxb2 20. Qa3 Rb8 $16)) 18... Nf6 $14 19. Qxb7 Rb8 20. Qxa7 {[%emt 0:00:16] aiming for Bc4.} Rxb2 21. a4 (21. Ne2 $16) 21... Rb8 $1 $11 {[%emt 0:01:12] The position is equal.} 22. Qa5 Ra8 23. Qg5 h6 24. Qh4 Bxa4 25. Nh5 {[%emt 0:01:28] [#] Black must now prevent Nxf6+.} Nxh5 26. Qxh5 Qg5 27. Qf3 Re8 28. Rxe8+ Bxe8 {[%emt 0:00:09][%mdl 4096] Endgame. KQB-KQB} 29. g3 Kf8 30. h4 Qc1+ 31. Kg2 Qb2 32. Qd5 Qb6 {[%emt 0:01:52] [#] ...Bc6 is the strong threat.} 33. Be4 Bd7 34. c3 c5 35. Bf3 cxd4 36. cxd4 Be6 37. Qa8+ Ke7 38. Qe4 {[%emt 0:00:18] Hoping for d5.} Kf8 39. Qf4 Qd8 40. Bc6 Qe7 41. Kh2 g5 42. Qe3 Qf6 43. hxg5 hxg5 44. Kg1 {[%emt 0:01:10] Active counter play!} Kg7 45. Be4 Bf5 46. Qf3 Bxe4 47. Qxe4 Qe6 48. Qf3 {[%emt 0:02:09] Weighted Error Value: White=0.05 (flawless) /Black=0.05 (flawless) .  Mistake:       	White=2     	Black=1      OK:         	White=10    	Black=22     Best:        	---       	Black=5      Strong:       	---       	Black=1} 1/2-1/2

[Event "Djerba Festival Open-A 2024"]
[Site "Djerba"]
[Date "2024.02.20"]
[Round "4.3"]
[White "Domenech, Vianney"]
[Black "Djabri, Massinas"]
[Result "1/2-1/2"]
[ECO "D00"]
[WhiteElo "2254"]
[BlackElo "2238"]
[Annotator "TA"]
[PlyCount "88"]
[EventDate "2024.02.18"]
[EventType "swiss"]
[EventCountry "TUN"]
[SourceTitle "playchess.com"]
[Source "ChessBase"]
[SourceQuality "1"]
[TimeControl "5400+30"]

1. d4 Nf6 2. Bf4 d5 3. e3 c5 4. Nc3 e6 5. Nb5 Na6 6. c3 Be7 7. a4 c4 8. h4 (8. b3 $14) 8... Ne4 9. Nf3 O-O 10. Ng5 f5 11. Nxe4 fxe4 12. h5 (12. Be2 $5) 12... Bg5 (12... Bd7 $11) 13. Bd6 (13. Bg3 $16) 13... Rf7 14. Be5 (14. Bg3 $1 $16) 14... Bf6 (14... Nb8 $11 {remains equal.}) 15. Bg3 $16 {[%emt 0:00:13] White is more active.} Bd7 16. Be2 Qb6 (16... Bxb5 $16 {was worth a try.} 17. axb5 Nc7) 17. b3 $18 cxb3 18. Qxb3 Bc6 19. O-O Re7 20. Rfb1 Kh8 (20... Qd8 $16 {might work better.} 21. c4 Rd7) 21. Qa3 {[%emt 0:04:05][%cal Ob5c7] Nc7! is the strong threat.} Qd8 22. Nd6 Rd7 (22... Qf8 $142 23. Bxa6 bxa6) 23. Bxa6 $1 bxa6 24. Qc5 {[%emt 0:00:13] Against Qa5} Rc7 {[%emt 0:00:15] [#]} 25. Nf7+ $2 Rxf7 $16 26. Qxc6 Qc8 27. Qxc8+ Rxc8 28. Rb3 h6 (28... Kg8 $16) 29. Rab1 $18 Kh7 {[%emt 0:00:05] [#]} (29... Kg8 $16 30. Rb8 Rd8 31. Rxd8+ Bxd8) 30. Bd6 ({Only move:} 30. Rb7 $1 $18 Rxb7 31. Rxb7) 30... Rc4 31. Ra1 ({White should play} 31. Rb7 $16 Rxb7 32. Rxb7) 31... Rd7 32. Bf4 Bd8 33. Be5 a5 34. Rab1 Bb6 $1 {[%emt 0:00:08] The position is equal.} 35. Ra3 Rf7 36. g4 {[%emt 0:04:02] Dodges Rf5} g6 37. Kg2 gxh5 38. gxh5 Rf5 39. Rh1 $1 Rc8 40. Kf1 Rcf8 41. Ra2 Rc8 42. Ra3 Rcf8 (42... Bc7 43. Bxc7 Rxc7 44. Rb3) 43. Ra2 Rc8 44. Ra3 Rcf8 {[%emt 0:00:07] White really could win this.   Weighted Error Value: White=0.22 (precise) /Black=0.25 (precise) .  Missed win:     	White=1     	---        Mistake:       	White=5     	Black=7      Inaccurate:     	White=3     	Black=6      OK:         	White=18    	Black=8      Best:        	White=1     	---        Strong:       	White=2     	Black=1} (44... Bc7 45. Bxc7 Rxc7 46. Rb3) 1/2-1/2

[Event "Djerba Festival Open-A 2024"]
[Site "Djerba"]
[Date "2024.02.20"]
[Round "4.4"]
[White "Abbes, Ali"]
[Black "Egorov, Konstantin"]
[Result "1-0"]
[ECO "B23"]
[WhiteElo "2218"]
[BlackElo "2118"]
[Annotator "RC"]
[PlyCount "81"]
[EventDate "2024.02.18"]
[EventType "swiss"]
[EventCountry "TUN"]
[SourceTitle "playchess.com"]
[Source "ChessBase"]
[SourceQuality "1"]
[TimeControl "5400+30"]

1. e4 c5 2. Nc3 a6 3. g3 b5 4. Bg2 Bb7 5. Qe2 e6 6. Nf3 d6 7. O-O Nf6 8. d3 Be7 9. Nh4 Nc6 10. f4 Nd4 11. Qd1 Nd7 12. Nf3 O-O 13. Nxd4 cxd4 14. Ne2 e5 15. c3 dxc3 16. Nxc3 Qb6+ 17. Kh1 Rac8 18. Bh3 Rc7 19. Qe2 Qa7 20. Be3 Qa8 21. Rac1 Kh8 22. Bg2 Nf6 23. a3 Bd8 24. fxe5 dxe5 25. Rf5 Re8 26. Bg5 Ng8 27. Be3 f6 28. h4 Bc8 29. Rff1 Be6 30. Nd5 Rd7 31. Kh2 Ne7 32. Nc3 Bc7 33. h5 Qd8 34. h6 Ng8 35. Nd5 Bxd5 36. exd5 gxh6 37. Be4 Rg7 38. Qf3 Rf8 39. Bf5 e4 40. dxe4 Rxg3 41. Rxc7 1-0

[Event "Djerba Festival Open-A 2024"]
[Site "Djerba"]
[Date "2024.02.20"]
[Round "4.5"]
[White "Nassr, Lina"]
[Black "Brahami, Lamine"]
[Result "0-1"]
[ECO "D04"]
[WhiteElo "2051"]
[BlackElo "2178"]
[Annotator "RC"]
[PlyCount "56"]
[EventDate "2024.02.18"]
[EventType "swiss"]
[EventCountry "TUN"]
[SourceTitle "playchess.com"]
[Source "ChessBase"]
[SourceQuality "1"]
[TimeControl "5400+30"]

1. d4 Nf6 2. Nf3 g6 3. Nbd2 d5 4. b3 Bg7 5. Bb2 O-O 6. e3 b6 7. Bd3 c5 8. O-O Nc6 9. a3 Qc7 10. Rc1 cxd4 11. exd4 Nh5 12. Re1 Nf4 13. Bf1 Bg4 14. h3 Bf5 15. Ne5 Nxe5 16. dxe5 Rfd8 17. Nf3 Bd7 18. Kh2 Bh6 19. Ra1 Rac8 20. c3 Ne6 21. g3 Nc5 22. Nd2 Bxd2 23. Qxd2 Nxb3 24. Qh6 Nxa1 25. e6 Bxe6 26. c4 d4 27. Re4 Nb3 28. Rh4 Qe5 0-1

[Event "Djerba Festival Open-A 2024"]
[Site "Djerba"]
[Date "2024.02.20"]
[Round "4.7"]
[White "Amdouni, Zoubaier"]
[Black "Marin, Sam"]
[Result "1-0"]
[ECO "B00"]
[WhiteElo "2209"]
[BlackElo "2014"]
[Annotator "RC"]
[PlyCount "101"]
[EventDate "2024.02.18"]
[EventType "swiss"]
[EventCountry "TUN"]
[SourceTitle "playchess.com"]
[Source "ChessBase"]
[SourceQuality "1"]
[TimeControl "5400+30"]

1. e4 Nc6 2. Nc3 Nf6 3. d4 e6 4. e5 Nd5 5. Nf3 Bb4 6. Bd2 O-O 7. Bd3 f5 8. exf6 Qxf6 9. O-O Bxc3 10. bxc3 Nf4 11. Bxf4 Qxf4 12. Re1 d6 13. Re4 Qf6 14. Qd2 e5 15. dxe5 dxe5 16. Rae1 Bf5 17. R4e3 Rae8 18. Bxf5 Qxf5 19. Qd5+ Kh8 20. Qb5 Qxc2 21. Qxb7 Rf6 22. Qb3 Qf5 23. Qb1 Ref8 24. Qxf5 Rxf5 25. R1e2 Rd8 26. h3 g6 27. Nxe5 Rd1+ 28. Kh2 Nxe5 29. Rxe5 Rxe5 30. Rxe5 Rd2 31. Re8+ Kg7 32. Re7+ Kf6 33. Rxc7 Rxa2 34. Rxh7 Rc2 35. Rxa7 Rxc3 36. Ra5 g5 37. f3 Rc2 38. Kg3 Rc4 39. Ra6+ Kf5 40. Ra8 Rb4 41. Rf8+ Ke5 42. Re8+ Kf5 43. Re4 Rb2 44. h4 gxh4+ 45. Rxh4 Kg5 46. Ra4 Rc2 47. Ra5+ Kg6 48. f4 Rd2 49. Kf3 Rb2 50. Re5 Kf6 51. g4 1-0

[Event "Djerba Festival Open-A 2024"]
[Site "Djerba"]
[Date "2024.02.20"]
[Round "4.8"]
[White "Lorans, Sylvain"]
[Black "Jmila, Omar"]
[Result "1/2-1/2"]
[ECO "E44"]
[WhiteElo "2076"]
[BlackElo "2152"]
[Annotator "RC"]
[PlyCount "61"]
[EventDate "2024.02.18"]
[EventType "swiss"]
[EventCountry "TUN"]
[SourceTitle "playchess.com"]
[Source "ChessBase"]
[SourceQuality "1"]
[TimeControl "5400+30"]

1. d4 Nf6 2. c4 e6 3. Nc3 Bb4 4. e3 b6 5. Nge2 Bb7 6. a3 Be7 7. d5 exd5 8. cxd5 O-O 9. g3 Re8 10. Bg2 c5 11. O-O d6 12. e4 Bf8 13. h3 b5 14. b4 Nbd7 15. g4 a5 16. Rb1 axb4 17. axb4 Ba6 18. Re1 cxb4 19. Rxb4 Qa5 20. Qd4 Ne5 21. Bg5 Nfd7 22. Reb1 Reb8 23. Qd1 Nc5 24. Nc1 Rb7 25. Bf1 Rab8 26. Bd2 Nc4 27. Be1 Qd8 28. Nb3 Qe8 29. Bxc4 bxc4 30. Nxc5 dxc5 31. Rxb7 1/2-1/2

[Event "Djerba Festival Open-A 2024"]
[Site "Djerba"]
[Date "2024.02.20"]
[Round "4.9"]
[White "Araoune, Saadi"]
[Black "Alhassadi, Yousef A."]
[Result "1/2-1/2"]
[ECO "D30"]
[WhiteElo "2077"]
[BlackElo "2011"]
[Annotator "NA RC"]
[PlyCount "26"]
[EventDate "2024.02.18"]
[EventType "swiss"]
[EventCountry "TUN"]
[SourceTitle "playchess.com"]
[Source "ChessBase"]
[SourceQuality "1"]
[TimeControl "5400+30"]

1. d4 d5 2. c4 e6 3. Nf3 c5 4. cxd5 exd5 5. g3 Nc6 6. Bg2 Nf6 7. O-O Be7 8. dxc5 Bxc5 9. a3 Ne4 10. Nfd2 f5 11. Nc3 Be6 12. Nb3 Bb6 13. Na4 d4 1/2-1/2